 Dungeon Crawl Stone Soup version 0.31-a0-654-gbe3e110b4e (webtiles) character file.

Game seed: 15934113816853045163

45 ytrimaz the Ruffian (level 3, -9/28 HPs)
             Began as a Draconian Shapeshifter on Aug 29, 2023.
             Mangled by a gnoll
             ... wielding a +0 halberd
              (12 damage)
             ... on level 2 of the Dungeon.
             The game lasted 00:01:21 (881 turns).

ytrimaz the Ruffian (Draconian Shapeshifter)         Turns: 881, Time: 00:01:21

Health: -9/28      AC:  5    Str: 16    XL:     3   Next: 42%
Magic:  3/3        EV: 12    Int: 10    God:
Gold:   98         SH:  0    Dex: 12    Spells: 2/2 levels left

rFire   . .          .
                       - Unarmed
rCold   . . .        (no shield)
rNeg    . . .        (body armour unavailable)
rPois   .            (helmet currently unavailable)
rElec   .            (cloak currently unavailable)
rCorr   .            (gloves currently unavailable)
SInv    .            (boots currently unavailable)
Will    .....        (no amulet)
Stlth   +            (no ring)
HPRegen 0.24/turn    (no ring)
MPRegen 0.08/turn

%: no passive effects
@: beast-form
A: beast (slay +2), AC +5, unfitting armour, cold-blooded
a: Begin Untransformation


You were on level 2 of the Dungeon.
You were a hulking beast.
You visited 1 branch of the dungeon, and saw 2 of its levels.

You collected 98 gold pieces.


Innate Abilities, Weirdness & Mutations

You are a hulking beast.
Your limbs bulge with bestial killing power. (Slay +2)
Your plain brown scales are hard. (AC +5)
You cannot fit into any form of body armour.
You are cold-blooded and may be slowed by cold attacks.


   Skills:
 - Level 1.1 Fighting
 - Level 1.7 Dodging
 + Level 3.8 Unarmed Combat
 + Level 3.7 Shapeshifting


You had 2 spell levels left.
You didn't know any spells.
Your spell library was empty.

Inventory:

Talismans
 b - a beast talisman (active)
 c - a flux talisman
Scrolls
 d - a scroll of noise {unknown}
 e - 4 scrolls of identify {unknown}
 f - a scroll of vulnerability {unknown}
 g - a scroll of immolation
Potions
 a - a potion of lignification

Dungeon Overview and Level Annotations

Branches:
Dungeon (2/15) Zot: 11084

Altars:

#..###.g###.##.# #.#
#.......g...##g# #.#
#...##..###.##.# #.# #...##..#
#.##g# #.# #...##..# #.##.# #.#
#...##..# #g##.####.#######
#...##..# #g##.#...g.......
#...##.[# #g##.#.##g#......
#...#...# #h##.#(##)#.#####
######...#...# #.##.#.##g#.#
.............# #.##..g.#.#.#
.............###.####..#.#.#####.
............................g..[.
###........#.######....#.#.......
..................#....#.########
...........#.####.#....#.#
...........#.# #....#.#


You could see 3 gnolls.


Message History

😨 HP[+3]
You regained 3 hp, and now have 11/28 hp.
Unknown command.
The gnoll closely misses you.
The gnoll hits you from afar with a +0 spear.
* * * LOW HITPOINT WARNING * * *
😨 HP[+2]
You regained 2 hp, and now have 13/28 hp.
You bump into the rock wall.
The gnoll misses you.
The gnoll completely misses you. 😮 HP[+3]
You regained 3 hp, and now have 16/28 hp.
Unknown command.
You bump into the rock wall.
The gnoll closely misses you.
The gnoll hits you from afar with a +0 spear. 😮 HP[-1]
You take 1 damage, and now have 15/28 hp.
The gnoll closely misses you. 😮 HP[+3]
You regained 3 hp, and now have 18/28 hp.
Unknown command. 😮 HP[+3]
You regained 3 hp, and now have 21/28 hp.
Unknown command.
The gnoll hits you from afar with a +0 spear. 😕 HP[+2]
You regained 2 hp, and now have 23/28 hp.
You bump into the rock wall.
The gnoll barely misses you. The gnoll closely misses you. 😎 HP[+5]
Your hp is fully restored (28).
Unknown command.
You bump into the rock wall.
You feel less invigorated.
You feel less confused. The gnoll hits you with a +0 halberd!
The gnoll closely misses you. 😮 HP[-10]
You take 10 damage, and now have 18/28 hp.
MASSIVE DAMAGE!! (PAUSE) Unknown command.
The gnoll barely misses you.
The gnoll hits you from afar with a +0 spear. 😮 HP[-2]
You take 2 damage, and now have 16/28 hp.
The gnoll misses you. 😮 HP[+1]
You see here 2 stones.
The gnoll attacks as it pursues you! The gnoll closely misses you. 😮 HP[+1]
The gnoll hits you from afar with a +0 spear. 😮 HP[-1]
You take 1 damage, and now have 17/28 hp.
The gnoll completely misses you. 😮 HP[+1]
The gnoll attacks as it pursues you!
The gnoll barely misses you. 😮 HP[+1] 😮 HP[+1] 😮 HP[+1]
An adder comes into view.
The adder hisses angrily.
The adder moves out of view.
You see here 18 gold pieces. 😕 HP[+1] 😕 HP[+1]
The adder bites you but does no damage.
The adder bites you but does no damage. 😕 HP[+1]
You closely miss the adder. The adder bites you. 😕 HP[-1]
You take 1 damage, and now have 23/28 hp.
You closely miss the adder. The adder bites you.
The adder bites you but does no damage. 😕 HP[-1]
You take 1 damage, and now have 22/28 hp.
You hit the adder. The adder barely misses you.
You hit the adder.
You kill the adder! 😕 HP[+1]
You barely miss the gnoll. The gnoll hits you with a +0 flail!
* * * LOW HITPOINT WARNING * * *
The gnoll closely misses you. 😨 HP[-9]
You take 9 damage, and now have 14/28 hp.
MASSIVE DAMAGE!! (PAUSE)
You hit the gnoll.
Your tail-slap misses the gnoll.
The gnoll hits you with a +0 flail.
* * * LOW HITPOINT WARNING * * *
The gnoll misses you. 😨 HP[-6]
You take 6 damage, and now have 8/28 hp.
MASSIVE DAMAGE!! (PAUSE)
You hit the gnoll. The gnoll closely misses you. x2
Unknown command.
The gnoll attacks as it pursues you! The gnoll hits you with a +0 flail.
* * * LOW HITPOINT WARNING * * *
😱 HP[-5]
You take 5 damage, and now have 3/28 hp.
You hit the gnoll. The gnoll closely misses you.
You hit the gnoll. You tail-slap the gnoll.
The gnoll hits you from afar with a +0 halberd!
You die...

Action                     || total
---------------------------++-------
  Melee: Unarmed           ||    79
         Tailslap          ||     7
         Punch             ||     1
    Use: Potion            ||     1
   Stab: Sleeping          ||     1
 Armour: Skin              ||    32
  Dodge: Dodged            ||    63

Levels and vault maps discovered:
D:1:      erik_arrival_cave_to_civilisation [erik_arrival_cave_to_hall],
          layout_basic, hellmonk_ecumenical_altar_blasted, serial_bayou_lake_a
D:2:      layout_basic, basic_altar

Notes
Turn   | Place    | Note
-------+----------+-------------------------------------------
     0 | D:1      | ytrimaz the Draconian Shapeshifter began the quest for the
                  | Orb.
     0 | D:1      | Reached XP level 1. HP: 16/16 MP: 1/1
     0 | D:1      | magus.rc [v1.9.6]
   266 | D:1      | Reached XP level 2. HP: 23/23 MP: 2/2
   427 | D:1      | Found a faded altar of an unknown god.
   823 | D:2      | Reached XP level 3. HP: 18/28 MP: 3/3
   877 | D:2      | HP: 3/28 [gnoll/+0 flail (6)]
   881 | D:2      | Mangled by a gnoll

Vanquished Creatures
  A gnoll (D:2)
  An adder (D:2)
  A ball python (D:1)
  3 bats
  3 endoplasms (D:1)
  2 giant cockroaches (D:1)
  4 goblins (D:1)
  A hobgoblin (D:1)
  2 kobolds (D:1)
  A quokka (D:1)
  4 frilled lizards
  3 rats (D:1)
26 creatures vanquished.

Table legend:
 A = Non-vault XP
 B = Vault XP
 C = Vault XP percentage of total XP
 D = Non-vault monster count
 E = Vault monster count
 F = Vault count percentage of total count
                 A         B        C        D         E       F
            +---------+---------+-------+---------+---------+-------
      Total |      62 |       3 |   4.6 |      24 |       2 |   7.7
            +---------+---------+-------+---------+---------+-------
        D:1 |      33 |       3 |   8.3 |      20 |       2 |   9.1
        D:2 |      29 |       0 |   0.0 |       4 |       0 |   0.0
            +---------+---------+-------+---------+---------+-------

Action                     || total
---------------------------++-------
  Melee: Unarmed           ||    79
         Tailslap          ||     7
         Punch             ||     1
    Use: Potion            ||     1
   Stab: Sleeping          ||     1
 Armour: Skin              ||    32
  Dodge: Dodged            ||    63

Illustrated notes

Table legend:
 A = Kills in this place as a percentage of kills in the entire game.
 B = Kills by you in this place as a percentage of kills by you in the entire game.
 C = Kills by friends in this place as a percentage of kills by friends in the entire game.
 D = Other kills in this place as a percentage of other kills in the entire game.
 E = Experience gained in this place as a percentage of experience gained in the entire game.
 F = Experience gained in this place divided by the number of levels of this place that you have seen.
                   A       B       C       D       E      F
               +-------+-------+-------+-------+-------+----------------------
         Total | 100.0 | 100.0 |   N/A |   N/A | 100.0 |  32.5
       Dungeon | 100.0 | 100.0 |   N/A |   N/A | 100.0 |  32.5
               +-------+-------+-------+-------+-------+----------------------

Table legend: (Time is in decaauts)
 A = Elapsed time spent in this place.
 B = Non-inter-level travel time spent in this place.
 C = Inter-level travel time spent in this place.
 D = Time resting spent in this place.
 E = Time spent auto-exploring this place.
 F = Levels seen in this place.
 G = Mean time per level.
                   A        B        C        D        E       F      G
               +--------+--------+--------+--------+--------+-----+--------+
         Total |    914 |    879 |     35 |      0 |    625 |   2 |  457.0 |
       Dungeon |    914 |    879 |     35 |      0 |    625 |   2 |  457.0 |
               +--------+--------+--------+--------+--------+-----+--------+

Top non-repeatable levels by time:
     D:1: 809 daAuts
     D:2: 105 daAuts
